 Dungeon Sprint DCSS version 0.16-a0-3803-gd4b2de5 (webtiles) character file.

2012 PolkaDot the Bewitcher (level 9, -4/57 HPs)
             Began as a Vampire Enchanter on Jan 26, 2015.
             Was a High Priest of Dithmenos.
             Slain by a merfolk
             ... wielding a +0 trident
              (12 damage)
             ... in the Dungeon (Sprint V: "Ziggurat Sprint").
             The game lasted 00:05:28 (607 turns).

PolkaDot the Bewitcher (Vampire Enchanter)           Turns: 607, Time: 00:05:29

Health: -4/57      AC:  3    Str: 11    XL:     9   Next: 2%
Magic:  20/23      EV: 13    Int: 20    God:    Dithmenos [*****.]
Gold:   0          SH:  0    Dex: 20    Spells: 5 memorised, 2 levels left

rFire  . . .     SeeInvis +     k - +5 quick blade (freeze)
rCold  . . .     Clarity  .     b - +1 robe
rNeg   + . .     SustAb   .     (no shield)
rPois  .         Gourm    .     (no helmet)
rElec  .         Spirit   .     (no cloak)
rCorr  .         Warding  .     (no gloves)
rMut   .         NoTele   +     (no boots)
MR     .....                    (no amulet)
Stlth  ++++++++++               I - ring "Wymoe" {MP+9 Str+4}
                                a - +6 ring of dexterity

@: very slightly contaminated, wreathed by umbra, not resistant to hostile
enchantments, uncannily stealthy
A: bottle blood, fangs 3, see invisible, unbreathing
a: Bat Form, Shadow Step, Shadow Form, Renounce Religion


You were in the Dungeon.
You worshipped Dithmenos.
Dithmenos was extremely pleased with you.
You were not thirsty.

You visited 1 branch

Inventory:

Hand weapons
 k - a +5 quick blade of freezing (weapon)
Armour
 b - a +1 robe (worn)
Rods
 z - a +5 lightning rod (13/13)
   (You found it in the Dungeon)
Jewellery
 a - a +6 ring of dexterity (left hand)
 l - a +6 ring of dexterity
 m - a +6 ring of intelligence
 n - a +6 ring of intelligence
 o - a cursed +6 ring of strength
 p - a cursed +6 ring of strength
 H - the ring of Pyghon {rC+ Str+3 Stlth-}
   (You found it in the Dungeon)

   [ring of loudness]

   It affects your strength (+3).
   It protects you from cold.
   It makes you less stealthy.
 I - the ring "Wymoe" (right hand) {MP+9 Str+4}
   (You found it in the Dungeon)

   [ring of magical power]

   It affects your strength (+4).
   It affects your magic capacity (+9).
 J - an uncursed ring of wizardry
Magical devices
 q - a wand of disintegration (7)
 s - a wand of cold (5)
 t - a wand of draining (5)
Scrolls
 j - 4 scrolls of blinking
 y - 4 scrolls of amnesia
 C - 3 scrolls of recharging
 D - 7 scrolls of fog
 E - 5 scrolls of identify
 F - 5 scrolls of remove curse
 G - 2 scrolls of fear
Potions
 d - 4 potions of blood {@*1}
 e - 10 potions of curing
 f - 10 potions of heal wounds
 g - 6 potions of haste
 h - 7 potions of magic
 i - 3 potions of berserk rage
 u - 2 potions of brilliance
 v - a potion of invisibility
 w - 2 potions of restore abilities
 x - 4 potions of resistance
 A - 5 potions of agility
 B - 5 potions of might
Books
 c - a book of Maledictions

   Spells                             Type                      Level
   a - Corona                         Hexes                        1
   b - Sure Blade                     Hexes/Charms                 2
   c - Ensorcelled Hibernation        Hexes/Ice                    2
   d - Confuse                        Hexes                        3
   e - Dazzling Spray                 Conjuration/Hexes            3
   f - Enslavement                    Hexes                        4


   Skills:
 + Level 10.5 Short Blades
 - Level 2.1 Dodging
 + Level 17.7 Stealth
 - Level 2.0 Spellcasting
 * Level 18.0 Hexes


You had 2 spell levels left.
You knew the following spells:

 Your Spells              Type           Power        Failure   Level  Hunger
a - Corona                Hex            ######.      0%          1    #......
c - Confuse               Hex            ######..     1%          3    ###....
d - Ensorcelled Hibernat  Hex/Ice        #####.       1%          2    ##.....
s - Dazzling Spray        Conj/Hex       #####...     1%          3    ###....
A - Apportation           Tloc           #.........   17%         1    #......


Dungeon Overview and Level Annotations

Branches:
Dungeon (1/1)

Altars:
Ashenzari
Cheibriados
Dithmenos
Elyvilon
Fedhas
Gozag
Kikubaaqudgha
Makhleb
Nemelex Xobeh
Okawaru
Qazlal
Ru
Sif Muna
Trog
Vehumet
Xom
Yredelemnul
Zin
The Shining One
Beogh
Jiyva
Lugonu


Innate Abilities, Weirdness & Mutations

You can bottle blood from corpses.
You have razor-sharp teeth.
You have supernaturally acute eyesight.
You can survive without breathing.


Message History

You feel clever. The sheep closely misses you.
You hit the sheep. You freeze the sheep.
The sheep is lightly wounded.
You hit the sheep. You freeze the sheep.
The sheep is severely wounded.
Your shadow hits the sheep but does no damage.
You closely miss the sheep. You bite the sheep.
The sheep is almost dead.
The centaur shoots an arrow.
The arrow closely misses you.
You puncture the sheep! You freeze the sheep.
You kill the sheep!
Dithmenos accepts your kill.
The merfolk hits you from afar with a trident!!
* * * LOW HITPOINT WARNING * * *
The centaur unwields an uncursed shortbow.
The centaur wields an uncursed staff of poison.
The centaur completely misses you.
The merfolk hits you from afar with a trident!
You die...

▓.......▓
▓▓▓▓▓▓▓▓▓
..8©8..▓
▓..}}.H.▓
▓..[.}..▓
▓.......▓
▓....m§§▓
▓....cmH▓
▓...§§@§▓
▓.▓.§§▓§▓
▓...§§§§▓
▓▓▓▓▓▓▓▓▓


You could see 2 merfolk, a hippogriff and a centaur.

Vanquished Creatures
  A merfolk (D)
  2 slime creatures (D)
  A flying skull (D)
  A golden eye (D)
  A steam dragon (D)
  A wolf (D)
  A wyvern (D)
  A water moccasin (D)
  A mottled dragon (D)
  A porcupine (D)
  3 swamp drakes (D)
  A sheep (D)
  An iguana (D)
  2 mummies (D)
  2 giant mites (D)
  2 oozes (D)
  3 ball pythons (D)
  A bat zombie (D)
26 creatures vanquished.

Notes
Turn   | Place    | Note
--------------------------------------------------------------
     0 | D        | PolkaDot, the Vampire Enchanter, began the quest for the Orb.
     0 | D        | Reached XP level 1. HP: 13/13 MP: 3/3
     0 | D        | Found a basalt altar of Yredelemnul.
     0 | D        | Found an iron altar of Okawaru.
     2 | D        | Found a radiant altar of Vehumet.
     2 | D        | Found a shimmering altar of Xom.
     4 | D        | Found a burning altar of Makhleb.
    13 | D        | Found a deep blue altar of Sif Muna.
    14 | D        | Found a sparkling altar of Nemelex Xobeh.
    15 | D        | Found a white marble altar of Elyvilon.
    15 | D        | Found a bloodstained altar of Trog.
    15 | D        | Found a corrupted altar of Lugonu.
    22 | D        | Found a viscous altar of Jiyva.
    56 | D        | Became a worshipper of Dithmenos the Shadowed
    66 | D        | Reached skill level 12 in Stealth
    66 | D        | Reached XP level 2. HP: 19/19 MP: 4/4
    70 | D        | Learned a level 2 spell: Ensorcelled Hibernation
    70 | D        | Entered arena 1.
    77 | D        | Reached skill level 5 in Hexes
    85 | D        | Entered arena 2.
    85 | D        | Noticed a wolf
    85 | D        | Noticed an iguana
    85 | D        | Noticed a porcupine
    90 | D        | Killed a porcupine
    90 | D        | Reached skill level 13 in Stealth
    90 | D        | Reached XP level 3. HP: 7/24 MP: 3/6
    90 | D        | Reached XP level 4. HP: 8/30 MP: 3/7
    92 | D        | Killed a wolf
    92 | D        | Reached skill level 5 in Short Blades
    92 | D        | Reached skill level 14 in Stealth
    92 | D        | Reached XP level 5. HP: 10/35 MP: 1/9
    94 | D        | Killed an iguana
    94 | D        | Reached XP level 6. HP: 11/41 MP: 1/10
   308 | D        | Learned a level 3 spell: Confuse
   312 | D        | Learned a level 3 spell: Dazzling Spray
   325 | D        | Entered arena 3.
   325 | D        | Noticed a water moccasin
   330 | D        | Acquired Dithmenos' first power
   340 | D        | Killed a water moccasin
   521 | D        | Entered arena 4.
   521 | D        | Noticed a flying skull
   526 | D        | Killed a flying skull
   526 | D        | Reached skill level 15 in Stealth
   526 | D        | Reached XP level 7. HP: 46/46 MP: 12/12
   528 | D        | Acquired Dithmenos' second power
   532 | D        | Got the ring of Pyghon {rC+ Str+3 Stlth-}
   535 | D        | Entered arena 5.
   535 | D        | Noticed a golden eye
   535 | D        | Noticed a slime creature
   535 | D        | Noticed a slime creature
   540 | D        | Killed a golden eye
   541 | D        | Acquired Dithmenos' third power
   542 | D        | Killed a slime creature
   542 | D        | Reached skill level 16 in Stealth
   542 | D        | Reached skill level 15 in Hexes
   543 | D        | Killed a slime creature
   543 | D        | Reached XP level 8. HP: 52/52 MP: 13/13
   548 | D        | Got the ring "Wymoe" {MP+9 Str+4}
   559 | D        | Learned a level 1 spell: Apportation
   559 | D        | Entered arena 6.
   559 | D        | Noticed a wyvern
   559 | D        | Noticed a mottled dragon
   559 | D        | Noticed a swamp drake
   559 | D        | Noticed a swamp drake
   559 | D        | Noticed a swamp drake
   559 | D        | Noticed a steam dragon
   565 | D        | Killed a steam dragon
   566 | D        | Killed a swamp drake
   567 | D        | Killed a swamp drake
   567 | D        | Acquired Dithmenos' fourth power
   567 | D        | Reached skill level 17 in Stealth
   569 | D        | Killed a wyvern
   570 | D        | Killed a mottled dragon
   570 | D        | Reached skill level 10 in Short Blades
   571 | D        | Killed a swamp drake
   582 | D        | Identified the Almanac of Damaging Ice (You found it in the Dungeon)
   590 | D        | Entered arena 7.
   590 | D        | Noticed a merfolk
   590 | D        | Noticed a merfolk
   590 | D        | Noticed a hippogriff
   590 | D        | Noticed a centaur
   590 | D        | Noticed a merfolk
   601 | D        | Killed a merfolk
   601 | D        | Reached skill level 18 in Hexes
   601 | D        | Reached XP level 9. HP: 27/57 MP: 14/14
   607 | D        | Slain by a merfolk

Action                   |  1- 3 |  4- 6 |  7- 9 || total
-------------------------+-------+-------+-------++-------
Melee: Quick blade       |     6 |    13 |    27 ||    46
 Cast: Ensorcelled Hiber |     1 |     5 |       ||     6
  Use: Potion            |     1 |     1 |       ||     2
       Scroll            |       |       |     1 ||     1
 Stab: Sleeping          |     2 |     3 |    14 ||    19
       Distracted        |       |       |     1 ||     1
